 Dungeon Crawl Stone Soup version 0.28-a0-1506-g3893175d92 (webtiles) character file.

Game seed: 6018349851309578222

542 Zonian the Ducker (level 7, -3/45 HPs)
             Began as a Djinni Ice Elementalist on Jan 14, 2022.
             Slain by a necrophage (5 damage)
             ... on level 5 of the Dungeon.
             The game lasted 00:11:46 (7779 turns).

Zonian the Ducker (Djinni Ice Elementalist)         Turns: 7779, Time: 00:11:47

Health: -3/45      AC:  3    Str:  7    XL:     7   Next: 52%
Gold:   211        EV: 14    Int: 25    God:
                   SH:  0    Dex: 13

rFire   + + .      SeeInvis .   h - +4 dagger
rCold   x . .      Faith    .   (no shield)
rNeg    . . .      Spirit   .   a - +0 robe
rPois   ∞          Reflect  .   c - +0 helmet
rElec   .          Harm     .   (no cloak)
rCorr   .          Rampage  .   (no gloves)
Will    .....                   (boots unavailable)
Stlth   +++.......              (no amulet)
HPRegen 0.15/turn               o - +6 ring of intelligence
MPRegen 0.00/turn               (no ring)

@: flying, hasted, very quick
A: sickness immunity, fire resistance 2, cold vulnerability 1, float, innate
caster, hp casting, extra vitality 1
a: no special abilities


You were on level 5 of the Dungeon.
You visited 1 branch of the dungeon, and saw 5 of its levels.

You collected 211 gold pieces.

Inventory:

Hand Weapons
 d - a +0 dagger of venom
 g - a +0 dagger
 h - a +4 dagger (weapon)
Missiles
 e - 3 poisoned darts
 i - 5 javelins
Armour
 a - a +0 robe (worn)
 c - a +0 helmet (worn)
Jewellery
 o - a +6 ring of intelligence (left hand)
Potions
 b - 2 potions of mutation
 f - a potion of flight
 k - a potion of might
Miscellaneous
 j - a piece from Xom's chessboard (10/15)


   Skills:
 + Level 5.1 Dodging
 + Level 4.2 Stealth
 + Level 4.6 Spellcasting


You couldn't memorise any spells.
You knew the following spells:

 Your Spells              Type           Power      Damage    Failure   Level
a - Freeze                Ice            100%       1d11      1%          1
b - Frozen Ramparts       Ice            58%        1d7       3%          3
c - Ozocubu's Armour      Ice            29%        N/A       3%          3
d - Hailstorm             Conj/Ice       29%        3d8       13%         4
e - Apportation           Tloc           58%        N/A       1%          1
f - Searing Ray           Conj           58%        2d6       1%          2
g - Summon Guardian Gole  Hex/Summ       29%        N/A       3%          3
Your spell library was empty.

Dungeon Overview and Level Annotations

Branches:
Dungeon (5/15)
 Temple: D:4-7

Altars:
Cheibriados
Kikubaaqudgha
Nemelex Xobeh
Ru
Sif Muna
Trog
Vehumet
Wu Jian


Innate Abilities, Weirdness & Mutations

You are immune to sickness and miasma.
You are immune to poison.
Your flesh is very heat resistant. (rF++)
You are vulnerable to cold. (rC-)
You float through the air rather than walking.
You learn spells naturally, not from books.
Your magical power is your life essence.
You have superior vitality. (+4 MHP)


Message History

The bullfrog skeleton struggles against the net.
You make a move on Xom's chessboard...
The necrophage is unaffected.
The necrophage resists.
The wall freezes the necrophage.
The necrophage closely misses you.
You make a move on Xom's chessboard...
The bullfrog skeleton suddenly stops moving!
The bullfrog skeleton completely resists.
The wall freezes the bullfrog skeleton but does no damage.
You make a move on Xom's chessboard...
The bullfrog skeleton is unaffected.
The bullfrog skeleton completely resists.
The wall freezes the bullfrog skeleton but does no damage.
The necrophage resists.
The wall freezes the necrophage.
The necrophage barely misses you.
You hit the necrophage.
The necrophage is severely damaged.
The bullfrog skeleton completely resists.
The wall freezes the bullfrog skeleton but does no damage.
The necrophage resists.
The wall freezes the necrophage.
The necrophage hits you but does no damage.
You hit the necrophage but do no damage.
The necrophage is severely damaged.
The bullfrog skeleton completely resists.
The wall freezes the bullfrog skeleton but does no damage.
You barely miss the necrophage.
The necrophage is severely damaged.
The necrophage completely resists.
The wall freezes the necrophage but does no damage.
The necrophage barely misses you.
You hit the necrophage.
The necrophage is severely damaged.
The frozen ramparts melt away.
You hit the necrophage but do no damage.
The necrophage is severely damaged.
The necrophage misses you.
Your +0 dagger of venom stops dripping with poison.
h - a +4 dagger (weapon)
You hit the necrophage.
The necrophage is severely damaged.
The necrophage hits you.
You die...

... . ... ...
##. ..## ..#
#..###n.### ..#
....#...$. ..#
.........# ..#
.........# ..#
.........###Z.#
.
....#....†n@..#
.. #
##..#####.# ..
# #.....## # ##
..#......
.#..........
......#.....
..... ##...#
.[... #.## .#
#.


You could see a necrophage and a bullfrog skeleton (caught, paralysed).

Vanquished Creatures
  A necrophage (D:5)
  A bullfrog (D:5)
  A scorpion (D:4)
  A jelly (D:3)
  2 hounds
  A centaur skeleton (D:4)
  A bullfrog skeleton (D:3)
  An iguana (D:4)
  4 adders
  4 gnolls (D:3)
  3 worms
  2 dart slugs
  8 orcs (D:3)
  4 endoplasms
  4 giant cockroaches
  10 goblins
  6 hobgoblins
  3 jackals (D:3)
  2 quokkas
  8 ball pythons
  A bat (D:1)
  A frilled lizard (D:3)
  2 kobolds (D:3)
  3 rats
74 creatures vanquished.

Notes
Turn   | Place    | Note
-------+----------+-------------------------------------------
     0 | D:1      | Zonian the Djinni Ice Elementalist began the quest for the
                  | Orb.
     0 | D:1      | Reached XP level 1. HP: 15/15 MP: 0/0
   218 | D:1      | Reached XP level 2. HP: 15/21 MP: 0/0
   563 | D:1      | Found a faded altar of an unknown god.
  1112 | D:2      | Reached XP level 3. HP: 23/25 MP: 0/0
  1112 | D:2      | Learned a level 1 spell: Apportation
  1674 | D:2      | Reached skill level 3 in Dodging
  2079 | D:3      | Reached XP level 4. HP: 17/31 MP: 0/0
  3237 | D:3      | Reached XP level 5. HP: 26/35 MP: 0/0
  3237 | D:3      | Learned a level 2 spell: Searing Ray
  4111 | D:3      | Found a sparkling altar of Nemelex Xobeh.
  4405 | D:3      | Reached skill level 4 in Dodging
  4411 | D:3      | Reached XP level 6. HP: 18/40 MP: 0/0
  5923 | D:4      | Noticed an ogre
  6440 | D:4      | Found an ornate altar of the Wu Jian Council.
  6833 | D:5      | Entered Level 5 of the Dungeon
  6885 | D:5      | Found a bloodstained altar of Trog.
  6885 | D:5      | Found a sacrificial altar of Ru.
  6889 | D:5      | Found a snail-covered altar of Cheibriados.
  6964 | D:5      | Noticed a necrophage
  6964 | D:5      | Noticed a black bear
  6997 | D:4      | Reached XP level 7. HP: 15/45 MP: 0/0
  6997 | D:4      | Learned a level 3 spell: Summon Guardian Golem
  7762 | D:5      | Reached skill level 5 in Dodging
  7769 | D:5      | HP: 1/45 [necrophage (3)]
  7779 | D:5      | Slain by a necrophage

Illustrated notes

Levels and vault maps discovered:
D:1:      nzn_arrival_settlement, layout_loops_ring,
          hellmonk_ecumenical_altar_crossroads
D:2:      layout_basic
D:3:      minmay_octagon_keep, layout_basic, old_standard_altar,
          kiku_gazebo_pond_becter
D:4:      layout_basic, pdpol_wu_jian_five_deadly_venoms, fiery_altar_vehumet
D:5:      nicolae_cairo_tiling_large_dashed, layout_loops_ring, minitemple,
          minmay_misc_feat_more_columns

Skill      XL: |  1  2  3  4  5  6  7 |
---------------+----------------------+-----
Stealth        | 2 3 4 |  4.2
Dodging        | 3 4 5 |  5.1
Spellcasting   | 4 |  4.6

Action                   |  1- 3 |  4- 6 |  7- 9 || total
-------------------------+-------+-------+-------++-------
Melee: Unarmed           |     5 |       |       ||     5
       Dagger            |    23 |   104 |    23 ||   150
       Punch             |       |     2 |       ||     2
Throw: Throwing net      |       |       |     1 ||     1
 Cast: Freeze            |    33 |    47 |       ||    80
       Searing Ray       |       |       |     2 ||     2
       Frozen Ramparts   |       |       |     1 ||     1
Evoke: Piece from Xom's  |       |       |     5 ||     5
  Use: Scroll            |       |     9 |     1 ||    10
       Potion            |       |       |     2 ||     2
 Stab: Sleeping          |     1 |     2 |       ||     3
Armor: Robe              |     9 |    28 |     4 ||    41
Dodge: Dodged            |    26 |    82 |    33 ||   141

Table legend: (Time is in decaauts)
 A = Elapsed time spent in this place.
 B = Non-inter-level travel time spent in this place.
 C = Inter-level travel time spent in this place.
 D = Time resting spent in this place.
 E = Time spent auto-exploring this place.
 F = Levels seen in this place.
 G = Mean time per level.
                   A        B        C        D        E       F      G
               +--------+--------+--------+--------+--------+-----+--------+
         Total |   7774 |   7568 |    206 |   3304 |   3217 |   5 | 1554.8 |
       Dungeon |   7774 |   7568 |    206 |   3304 |   3217 |   5 | 1554.8 |
               +--------+--------+--------+--------+--------+-----+--------+

Top non-repeatable levels by time:
     D:3: 2687 daAuts
     D:4: 1967 daAuts
     D:2: 1697 daAuts
     D:1: 930 daAuts
     D:5: 492 daAuts
